 Dungeon Crawl Stone Soup version 0.19.0-24-gb05acd6 (webtiles) character file.

105 KarmaPolice the Charmwright (level 4, -4/33 HPs)
             Began as a Vampire Skald on Nov 22, 2016.
             Slain by an orc
             ... wielding a +2 hand axe of distortion
              (16 damage)
             ... on level 3 of the Dungeon.
             The game lasted 00:04:45 (2444 turns).

KarmaPolice the Charmwright (Vampire Skald)         Turns: 2444, Time: 00:04:46

Health: -4/33      AC:  4    Str: 11    XL:     4   Next: 53%
Magic:  0/8        EV: 11    Int: 14    God:
Gold:   162        SH:  0    Dex: 14    Spells: 4 memorised, 1 level left

rFire  . . .     SeeInvis +     a - +0 falchion
rCold  . . .     Gourm    .     b - +0 leather armour
rNeg   + . .     Faith    .     (no shield)
rPois  .         Spirit   .     (no helmet)
rElec  .         Reflect  .     (no cloak)
rCorr  .         Harm     .     p - +0 pair of gloves
MR     .....                    (no boots)
Stlth  +.........               (no amulet)
                                (no ring)
                                (no ring)

@: infused, singing
A: fangs 3, see invisible, unbreathing
a: Bat Form, Stop Singing


You were on level 3 of the Dungeon.
You were not thirsty.

You visited 1 branch of the dungeon, and saw 4 of its levels.

You collected 162 gold pieces.

Inventory:

Hand Weapons
 a - a +0 falchion (weapon)
Armour
 b - a +0 leather armour (worn)
 o - a +1 robe of cold resistance
 p - a +0 pair of gloves (worn)
Jewellery
 r - a cursed ring of teleportation {unknown}
Scrolls
 e - a scroll of amnesia {unknown}
 f - 3 scrolls of remove curse {unknown}
 i - a scroll of teleportation {unknown}
 j - 2 scrolls of immolation {unknown}
 l - a scroll of noise {unknown}
 m - a scroll of identify {unknown}
 q - a scroll of magic mapping {unknown}
 s - a scroll of blinking {unknown}
 t - a scroll of fear {unknown}
Potions
 d - 3 potions of blood
 g - a potion of mutation {unknown}
 h - a potion of flight {unknown}
 k - a potion of might {unknown}
 n - a potion of invisibility {unknown}
Books
 c - a book of Battle

   Spells                             Type                      Level
   a - Infusion                       Charms                       1
   b - Shroud of Golubria             Charms/Translocation         2
   c - Song of Slaying                Charms                       2
   d - Spectral Weapon                Hexes/Charms                 3
   e - Regeneration                   Charms/Necromancy            3


   Skills:
 - Level 2.1 Fighting
 + Level 2.9 Long Blades
 - Level 0.7 Armour
 - Level 1.1 Dodging
 + Level 3.1 Spellcasting
 + Level 4.0 Charms
 + Level 0.7 Necromancy


You had one spell level left.
You knew the following spells:

 Your Spells              Type           Power        Failure   Level  Hunger
a - Infusion              Chrm           ##..         8%          1    #......
b - Shroud of Golubria    Chrm/Tloc      #.........   21%         2    ##.....
c - Song of Slaying       Chrm           ##......     10%         2    ##.....
d - Regeneration          Chrm/Necr      #.........   34%         3    ###....


Dungeon Overview and Level Annotations

Branches:
Dungeon (4/15)
 Temple: D:4-7

Altars:


Innate Abilities, Weirdness & Mutations

You have razor-sharp teeth.
You have supernaturally acute eyesight. (SInv)
You can survive without breathing.


Message History

You hit the giant cockroach.
You kill the giant cockroach!
Natasha stares at you and mumbles some strange words.
The magic dart hits you!
Found a whip.
Natasha misses you.
You barely miss Natasha. Natasha claws you.
Natasha casts a spell.
You hit Natasha.
Natasha is moderately wounded.
The orc hits you but does no damage. Space warps horribly around you!
Natasha claws you!
Unknown command.
You slash Natasha! You bite Natasha.
You draw Natasha's blood!
You feel better.
You kill Natasha!
Natasha yowls pathetically as she dies!
The shadow imp disappears in a puff of smoke!
Your Charms skill increases to level 4!
The orc hits you but does no damage. Space warps horribly around you!
You die...

#. .... # .... ....
#) #....# .... #..
#...( ..... ....#....
...... ....#....
......
........##§.....
........(.......
#.......@o........
#.......#........#
#................###
...!..†.............
.#######)##.......#
....)....#.......#
.........#.......
/..........#... #
..........<#'###.####


You could see an orc.

Vanquished Creatures
  Natasha (D:3)
  2 gnolls (D:2)
  An adder (D:2)
  An ooze (D:3)
  5 dart slugs
  9 bats
  A giant cockroach (D:3)
  4 goblins
  3 hobgoblins
  4 kobolds
  5 frilled lizards
  3 rats
39 creatures vanquished.

Notes
Turn   | Place    | Note
-------+----------+-------------------------------------------
     0 | D:1      | KarmaPolice the Vampire Skald began the quest for the Orb.
     0 | D:1      | Reached XP level 1. HP: 16/16 MP: 3/3
   434 | D:1      | Reached XP level 2. HP: 19/22 MP: 5/5
   442 | D:1      | Learned a level 2 spell: Shroud of Golubria
   445 | D:1      | Learned a level 2 spell: Song of Slaying
  1218 | D:2      | Reached XP level 3. HP: 25/27 MP: 6/6
  2172 | D:2      | Reached XP level 4. HP: 32/33 MP: 1/8
  2180 | D:2      | Learned a level 3 spell: Regeneration
  2424 | D:3      | Noticed Natasha
  2444 | D:3      | Killed Natasha
  2444 | D:3      | Reached skill level 4 in Charms
  2444 | D:3      | Slain by an orc

Skill      XL: |  1  2  3  4 |
---------------+-------------+-----
Fighting       | 2 |  2.1
Spellcasting   | 3 |  3.1
Charms         | 4 |  4.0
Long Blades    | |  2.9
Armour         | |  0.7
Dodging        | |  1.1
Necromancy     | |  0.7

Action                   |  1- 3 |  4- 6 || total
-------------------------+-------+-------++-------
Melee: Falchion          |    89 |    12 ||   101
       Bite              |    10 |     2 ||    12
       Unarmed           |    30 |     1 ||    31
 Cast: Infusion          |     4 |     1 ||     5
       Shroud of Golubri |     2 |       ||     2
       Song of Slaying   |       |     1 ||     1
 Abil: End Transformatio |     5 |     2 ||     7
       Bat Form          |     5 |     2 ||     7
 Stab: Sleeping          |     1 |     1 ||     2
  Eat: Corpse            |     4 |       ||     4
Armor: Leather armour    |    33 |     5 ||    38
Dodge: Dodged            |    96 |    12 ||   108
       Rpst.: Falchion   |    16 |     2 ||    18
